← All builds
Suicide front / Armada / Factory first / OBSERVED BUILD

Standard suicide front

The role's default: factory first (mostly Bot Lab), pushing Rocketeer-led bot play into the middle to contest and hold the front, with an Advanced Metal Extractor around 9:36 as the natural transition.

Usually lab first (63%)

#raid #push · 1291 distinct matches · 127 players · 71% of Armada Suicide front games · team won 59% of 1529 · Recently observed

HOW TO PLAY IT

Key timing: Bot Lab by 0:20

  1. Open with mex and wind, drop Bot Lab immediately.
  2. Push out first "Centurion" as Pond's boost lands.
  3. Send "Rocketeer", "Centurion", "Pawn" mix to contest middle.
  4. Add Dragon's Teeth and Sentries to hold the line.
  5. Get Advanced Metal Extractor up as T2 nears.

Phase by phase

TYPICAL OF ITS 1291 GAMES
  1. 1
  2. 2
  3. 3
PLAY THE OPENING

Follow the example game's first 6:00 step by step: what to build now, what comes next, and where it goes. At 1× it keeps pace with your own game.

  1. 1

    Bot Lab first

    Order
    1. Bot LabBot Lab done ~0:20, middle half 0:20–0:33

    Some games also: mex (36%)

  2. 2

    Bot Lab to 5:00

    Economy
    • Metal Extractor5Mex
    • Wind Turbine4Wind
    Builders
    • Construction Bot3 Con bot
    • Lazarus2 Lazarus
    Army
    • Sentry4 Sentry
    • Rocketeer17 Rocketeer
    • Tick2 Tick
    • Centurion1 Centurion
    Other
    • Radar Tower1 Radar Tower

    Some games also: con turret (35%) · pawn (32%)

    By 5:00 in all: 5 mex · 4 wind

    The example game in this phase · 38 steps
    1. TickTick
    2. Mex
    3. TickTick
    4. SentrySentry
    5. TickTick
    6. LazarusLazarus ×2
    7. CenturionCenturion
    8. Construction BotCon bot ×2
    9. RocketeerRocketeer
    10. Mex
    11. RocketeerRocketeer
    12. Mex
    13. Radar TowerRadar Tower
    14. RocketeerRocketeer
    15. SentrySentry
    16. RocketeerRocketeer
    17. Wind
    18. RocketeerRocketeer ×2
    19. SentrySentry
    20. Wind
    21. RocketeerRocketeer
    22. Dragon's TeethDragon's Teeth ×5
    23. RocketeerRocketeer
    24. Mex
    25. RocketeerRocketeer
    26. SentrySentry
    27. Wind
    28. RocketeerRocketeer
    29. Dragon's TeethDragon's Teeth
    30. Construction BotCon bot
    31. Dragon's TeethDragon's Teeth
    32. Wind
    33. SentrySentry
    34. LazarusLazarus
    35. RocketeerRocketeer
    36. Wind
    37. RocketeerRocketeer ×4
    38. Mex
  3. 3

    5:00 to 10:00

    Economy
    • Metal Extractor1Mex
    • Wind Turbine17Wind
    Builders
    • Construction Turret2 Con turret
    • Lazarus2 Lazarus
    • Construction Bot1 Con bot
    Army
    • Sentry1 Sentry
    • Rocketeer8 Rocketeer
    • Pawn1 Pawn

    Some games also: tick (47%) · energy storage (46%) · Radar Tower (46%) · centurion (45%) · Beamer (39%)

    By 10:00 in all: 6 mex · 23 wind · 1 energy storage · 3 con turret

    The example game in this phase · 71 steps
    1. SentrySentry
    2. RocketeerRocketeer
    3. Wind
    4. Mex
    5. RocketeerRocketeer ×3
    6. Wind
    7. Dragon's TeethDragon's Teeth ×3
    8. RocketeerRocketeer
    9. Wind
    10. SentrySentry
    11. Wind
    12. Construction BotCon bot
    13. SentrySentry
    14. Con turret
    15. Wind
    16. Advanced Metal ExtractorT2 mexdone 7:34 · typical 9:36
    17. CenturionCenturion
    18. BeamerBeamer
    19. Wind
    20. BeamerBeamer
    21. Wind
    22. CenturionCenturion
    23. BeamerBeamer
    24. Advanced Metal ExtractorT2 mex
    25. Wind
    26. BeamerBeamer
    27. Wind
    28. Pit BullPit Bull
    29. Wind
    30. Dragon's TeethDragon's Teeth ×6
    31. CenturionCenturion
    32. Wind
    33. CenturionCenturion
    34. Wind ×2
    35. Radar TowerRadar Tower
    36. Advanced Metal ExtractorT2 mex
    37. Wind ×3
    38. LazarusLazarus
    39. Wind ×2
    40. LazarusLazarus
    41. Wind
    42. RocketeerRocketeer
    43. Wind ×2
    44. CenturionCenturion
    45. Wind ×2
    46. CenturionCenturion
    47. Advanced Metal ExtractorT2 mex
    48. Wind
    49. Fusion ReactorFusionnot finished by 15:00
    50. Wind
    51. Converter
    52. Wind ×2
    53. Converter
    54. CenturionCenturion
    55. Wind ×3
    56. CenturionCenturion
    57. Converter
    58. Wind ×2
    59. CrossbowCrossbow
    60. Wind
    61. Converter
    62. Wind
    63. CrossbowCrossbow
    64. Wind
    65. CrossbowCrossbow
    66. Wind
    67. CrossbowCrossbow
    68. Converter
    69. Wind
    70. Construction BotCon bot
    71. Wind

Counts are medians over the build's games: half of them build more, half fewer. The example game is Espera's (40 OS, 29/09/2026); pick another.

Team trades

IN AT LEAST 30% OF ITS GAMES

You hand over

Nothing regular.

You get

  • Tidal Generator4 Tidal from Pondfirst at 0:10 · in 69% of games
  • Advanced Construction Bot1 T2 con bot from Geo or Techfirst at 7:30 · in 59% of games

How it plays out

Typical game of this build, running totals by minute

Metal produced

010k20k30k
0:005:0010:0015:00

metal

Enemy metal destroyed

05k10k
0:005:0010:0015:00

metal

Own metal lost

05k10k
0:005:0010:0015:00

metal

1529 games.

Show as table
ByMetal produced: This buildEnemy metal destroyed: This buildOwn metal lost: This build
1:0022600
2:0088800
3:002051180106
4:003161658496
5:00424314131026
6:00543322981789
7:00667031752710
8:00792040313619
9:00931747964495
10:001069954265316
11:001226559036054
12:001411365126830
13:001622270137536
14:001810976968373
15:002046683299249
WHAT THE NUMBERS SAY

Standard suicide front play wins slightly more than half its games with fast kills but also fast losses, matching the raw grind of the role.

  • + First kill lands by 2:04 in all games
  • + Metal produced reaches 19882 by 15:00
  • − Own metal lost hits 9208 by 15:00, near metal destroyed of 8172
  • − First unit lost as early as 2:08 in every game
THE EXAMPLE YOU ARE READING

Espera

39.9 OS · 29/09/2026

Open source match ↗

13 received units · includes a constructor
0 metal received · 27190 energy received

Allied construction assistance is unknown. Timings are observations, not a promise of solo reproducibility.

Typical milestones

Bot Lab0:20Middle 50%: 0:20–0:33 · n=1522
Advanced Metal Extractor9:36Middle 50%: 8:41–10:48 · n=1128

Played most by

_X_253games of this buildPlatinumBlonde181games of this buildXad120games of this buildImmort73games of this buildwatermeloans60games of this build
Standard suicide front · Armada Suicide front build order · BAR Build Atlas